Map: Dusk Towers

Players

xKawaiian - Winner!

  • Race: Terran Terran
  • League: Master

IIIIIIIIIIII

  • Race: Protoss Protoss
  • League: Master

VOD

Have the link to the VOD?

Description

Time

  • Played on: Jan. 13, 2016, 10:30 p.m.
  • Length: 12:02
Show
View Real Time Build Order
Export as new Build Order

xKawaiian Terran - Winner!

Build Orders: Reaper Expand, MMM Bio 

Get SALT Encoding   

  12  0:01  SCV  
  13  0:13  SCV  
  14  0:17  Supply Depot  
  14  0:25  SCV  
  15  0:39  SCV, Barracks  
  16  0:45  Refinery  
  16  0:51  SCV  
  17  1:03  SCV  
  18  1:15  SCV  
  19  1:27  Orbital Command  
  19  1:28  Reaper  
  20  1:39  Command Center  
  20  1:50  Supply Depot  
  20  1:53  SCV  
  21  2:01  Barracks Reactor  
  21  2:06  SCV  
  22  2:10  Barracks  
  22  2:18  Barracks  
  22  2:19  SCV  
  23  2:31  SCV  
  24  2:37  Marine x2  
  24  2:43  SCV  
  27  2:53  Orbital Command  
  27  2:55  SCV, Marine x2  
  27  2:58  Barracks Tech Lab  
  29  3:05  Factory  
  29  3:07  SCV  
  29  3:08  Refinery, Marine  
  31  3:13  Marine  
  31  3:14  Marine  
  31  3:18  Stimpack  
  31  3:19  SCV  
  34  3:21  SCV  
  34  3:22  Marine  
  34  3:26  Marine  
  37  3:30  Marine  
  37  3:31  SCV, Marine  
  37  3:33  SCV  
  41  3:35  Supply Depot  
  41  3:40  Marine  
  42  3:43  SCV  
  42  3:45  Marine  
  42  3:46  SCV  
  45  3:48  Marine  
  45  3:51  Starport  
  45  3:52  Factory Reactor  
  46  3:56  Marine  
  46  3:58  Supply Depot  
  46  3:59  Marine  
  48  4:03  Marine  
  48  4:05  SCV  
  48  4:06  SCV, Marine  
  52  4:14  Marine  
  53  4:17  SCV  
  53  4:19  SCV, Marine  
  53  4:21  Marine  
  57  4:24  Supply Depot  
  57  4:25  Supply Depot  
  57  4:29  SCV  
  58  4:32  SCV  
  58  4:34  Medivac  
  58  4:35  Marine  
  62  4:45  Medivac, Marine x2  
  62  4:49  Command Center  
  62  4:51  SCV  
  62  4:52  SCV  
  68  4:55  Factory Reactor  
  68  5:02  Supply Depot  
  68  5:03  SCV  
  68  5:04  SCV  
  68  5:05  Marine x2  
  72  5:07  Barracks Tech Lab  
  72  5:12  Engineering Bay  
  72  5:13  Engineering Bay  
  72  5:15  SCV  
  69  5:22  Marauder  
  69  5:23  Marine x2  
  69  5:27  Marauder  
  75  5:33  SCV x2  
  77  5:36  Refinery x2  
  77  5:41  Marine  
  77  5:42  Marine  
  79  5:43  Marauder  
  79  5:45  SCV  
  79  5:48  Terran Infantry Weapons Level 1, Terran Infantry Armor Level 1  
  79  5:49  Marauder  
  84  5:53  SCV  
  84  5:54  Combat Shields  
  85  5:58  SCV  
  85  6:03  Orbital Command  
  86  6:05  SCV  
  86  6:06  Marine  
  86  6:07  Marauder  
  90  6:13  Marine  
  90  6:14  SCV, Marauder  
  89  6:23  Marine  
  89  6:24  Barracks  
  90  6:28  Marine  
  90  6:29  Barracks  
  90  6:31  Marine  
  90  6:32  Orbital Command  
  92  6:34  SCV x2  
  92  6:35  Marauder  
  96  6:40  Medivac x2  
  96  6:41  Marine  
  101  6:50  SCV  
  101  6:51  Marine  
  100  6:54  Supply Depot  
  100  6:55  Supply Depot  
  100  6:58  Armory  
  100  7:01  Marauder, Marine  
  101  7:09  Supply Depot  
  101  7:11  Supply Depot  
  101  7:13  Marine  
  101  7:14  SCV  
  101  7:15  SCV x2  
  101  7:16  Marauder  
  101  7:17  Marine  
  101  7:18  Marine  
  101  7:21  Barracks Tech Lab  
  105  7:22  Marauder  
  105  7:26  SCV  
  105  7:27  SCV x2  
  107  7:37  Marauder  
  107  7:38  SCV  
  107  7:39  SCV  
  107  7:40  SCV  
  107  7:43  Marine x2  
  112  7:44  Viking, Marauder  
  112  7:45  Viking  
  115  7:52  Barracks Tech Lab  
  115  7:54  SCV x2  
  115  7:57  SCV  
  118  8:05  Missile Turret  
  118  8:08  Missile Turret  
  118  8:10  Missile Turret  
  118  8:14  Terran Infantry Weapons Level 2, Terran Infantry Armor Level 2  
  118  8:15  Marine  
  118  8:17  Viking  
  120  8:22  Viking  
  120  8:25  Marine x2  
  120  8:26  Marauder x2  
  128  8:28  SCV  
  128  8:30  SCV x2  
  131  8:36  Marauder  
  133  8:41  Marine  
  133  8:43  Marine  
  133  8:47  Supply Depot, Medivac  
  133  8:48  Supply Depot, Marine  
  138  8:49  SCV  
  138  8:50  SCV x2, Supply Depot  
  141  9:01  SCV  
  141  9:08  Widow Mine x2, Marine  
  141  9:09  Supply Depot, Marine, Marauder  
  149  9:13  Command Center  
  132  9:17  Marauder, Marine  
  132  9:18  Medivac x2  
  132  9:22  Marauder  
  139  9:24  SCV x2  
  139  9:26  Marine  
  139  9:27  Marine  
  143  9:32  Marine  
  143  9:34  Terran Vehicle And Ship Armor Level 1  
  143  9:35  Marine  
  145  9:38  Marine  
  145  9:43  Marine  
  145  9:44  Marine  
  148  9:47  Medivac  
  148  9:48  Medivac  
  148  9:50  Marauder  
  148  9:52  Barracks x2  
  154  9:53  SCV  
  154  9:54  Barracks  
  154  9:56  Marine  
  154  9:57  Marauder  
  158  10:03  SCV x2, Refinery  
  158  10:04  Refinery  
  158  10:05  SCV  
  161  10:14  Marauder x2, Marine x2  
  161  10:15  SCV  
  161  10:17  Marine  
  161  10:18  Marauder  
  170  10:25  Widow Mine  
  161  10:32  Marine x2  
  161  10:34  Marine  
  154  10:35  Marine  
  154  10:36  Marauder  
  154  10:38  Marine  
  154  10:39  Marine x2  
  147  10:49  Marine  
  143  10:50  Marauder  
  143  10:52  Barracks Tech Lab, Marine  
  143  10:54  Marauder  
  143  10:56  Marine  
  143  10:57  Marauder x2, Marine  
  150  10:58  Widow Mine  
  157  11:05  Planetary Fortress  
  157  11:07  SCV  
  157  11:09  Marine  
  156  11:11  Marine  
  156  11:16  Marine  
  156  11:17  Marauder  
  153  11:22  Medivac  
  153  11:23  Marine, Widow Mine  
  153  11:24  Marauder x2, Marine  
  161  11:27  Marine, Widow Mine  
  161  11:28  Marauder  
  161  11:29  Marine  
  161  11:31  SCV  
  166  11:33  Supply Depot  
  166  11:34  Supply Depot  
  166  11:38  Supply Depot  
  166  11:42  Barracks Reactor, Barracks Tech Lab  
Show
View Real Time Build Order
Export as new Build Order

IIIIIIIIIIII Protoss 

Build Orders: 1 Gate Expand 

Get SALT Encoding   

  12  0:00  Probe (Chrono Boost)  
  13  0:11  Probe (Chrono Boost)  
  14  0:17  Pylon  
  14  0:22  Probe (Chrono Boost)  
  16  0:35  Probe (Chrono Boost)  
  16  0:37  Gateway  
  16  0:41  Assimilator  
  16  0:46  Probe (Chrono Boost)  
  17  0:57  Probe (Chrono Boost)  
  18  1:07  Probe (Chrono Boost)  
  19  1:19  Nexus  
  19  1:31  Cybernetics Core  
  19  1:32  Probe (Chrono Boost)  
  20  1:38  Assimilator  
  20  1:43  Probe (Chrono Boost)  
  21  1:49  Pylon  
  21  1:53  Probe (Chrono Boost)  
  22  2:08  Mothership Core (Chrono Boost)  
  24  2:10  Adept  
  24  2:12  Warp Gate  
  26  2:26  Probe (Chrono Boost)  
  27  2:30  Twilight Council  
  27  2:32  Probe (Chrono Boost)  
  29  2:37  Probe (Chrono Boost)  
  29  2:38  Adept  
  30  2:52  Probe (Chrono Boost)  
  30  2:55  Probe (Chrono Boost)  
  32  3:02  Pylon  
  32  3:03  Probe (Chrono Boost)  
  32  3:05  Adept  
  36  3:07  Resonating Glaives (Chrono Boost)  
  36  3:08  Probe  
  36  3:14  Probe  
  36  3:19  Probe, Robotics Facility  
  37  3:26  Probe  
  39  3:29  Probe  
  40  3:38  Probe  
  40  3:40  Probe  
  41  3:45  Gateway  
  42  3:48  Gateway  
  42  3:50  Probe  
  42  3:51  Probe  
  44  4:01  Probe  
  44  4:02  Probe, Pylon, Warp Prism (Chrono Boost)  
  48  4:12  Assimilator  
  48  4:14  Probe x2  
  50  4:26  Probe  
  50  4:28  Probe, Assimilator  
  52  4:35  Adept  
  52  4:36  Observer  
  55  4:38  Probe  
  56  4:47  Probe  
  56  4:51  Probe  
  58  4:54  Nexus  
  58  4:57  Sentry x2, Pylon  
  58  4:58  Pylon  
  62  5:00  Pylon  
  62  5:09  Pylon  
  62  5:12  Observer  
  62  5:15  Probe x2  
  65  5:24  Adept x2  
  65  5:25  Adept  
  65  5:27  Probe x2  
  73  5:31  Gateway, Observer  
  73  5:34  Gateway  
  74  5:45  Probe  
  74  5:47  Adept x3  
  81  5:50  Observer  
  81  5:54  Blink (Chrono Boost)  
  81  5:55  Pylon  
  82  5:57  Probe, Pylon  
  82  5:58  Probe  
  84  6:05  Pylon  
  80  6:20  Sentry, Adept x2  
  86  6:27  Immortal  
  86  6:31  Probe x3  
  93  6:42  Adept x3, Assimilator  
  93  6:43  Sentry, Probe  
  93  6:44  Probe x2  
  93  6:45  Assimilator  
  93  6:46  Templar Archives  
  104  6:48  Pylon  
  104  7:01  Adept  
  104  7:03  Probe  
  104  7:04  Probe  
  104  7:07  Pylon  
  104  7:08  Probe, Adept x3, Pylon  
  115  7:16  Probe  
  115  7:17  Immortal  
  115  7:20  Probe  
  115  7:22  Probe, Psionic Storm  
  121  7:23  Adept x2  
  121  7:28  Probe  
  127  7:30  Pylon  
  127  7:32  Stalker x2  
  127  7:33  Stalker  
  127  7:35  Probe  
  132  7:42  Pylon  
  132  7:51  Probe  
  133  7:57  High Templar x2  
  133  7:58  High Templar  
  139  8:04  Nexus  
  139  8:06  Pylon x2  
  139  8:07  Forge, High Templar  
  139  8:08  Forge  
  131  8:28  Adept  
  131  8:32  Charge (Chrono Boost)  
  133  8:36  Stalker x2  
  133  8:37  Stalker  
  133  8:38  Pylon  
  133  8:40  Pylon  
  139  8:48  Stalker  
  141  8:53  Protoss Ground Weapons Level 1 (Chrono Boost)  
  141  8:56  Protoss Ground Armor Level 1 (Chrono Boost)  
  141  9:00  Adept  
  141  9:01  Adept x2  
  135  9:24  Stalker x3, Adept x2  
  131  9:29  Assimilator  
  139  9:34  Assimilator  
  139  9:44  Nexus  
  139  9:46  Pylon  
  139  9:48  Gateway, Pylon  
  139  9:50  Stalker x4, Gateway  
  139  9:52  Gateway  
  147  9:53  Adept  
  147  9:58  Photon Cannon  
  147  9:59  Photon Cannon  
  148  10:00  Warp Prism  
  148  10:01  Photon Cannon  
  148  10:03  Pylon  
  146  10:22  Adept  
  146  10:23  Adept x2  
  100  10:38  Adept  
  100  10:39  Adept  
  102  10:47  Stalker x3  
  108  10:53  High Templar x2  
  108  10:54  Photon Cannon  
  108  10:56  Photon Cannon  
  104  11:13  Immortal  
  104  11:16  Zealot x4  
  112  11:21  Probe x3  
  112  11:22  Probe  
  112  11:31  Probe  
  112  11:33  Probe x2  
  112  11:34  Probe  
  112  11:36  Pylon  
  112  11:38  Pylon  
  114  11:40  Adept x2, High Templar x3  
  114  11:41  Adept x2  
  114  11:46  Archon  
Tags
 
Add a new tag
Caveats
  • Supply blocks, unpowered buildings, or Contaminate may cause inaccurate times.
  • Supply counts are checked every 10 seconds.